AoeStats
← Shals

Arena

509004458Analyzed
2v2 RM · 8d ago on Sep 25, 2026· 67m 59s· 4 players
Game mode
Random Map
Map size
Medium (4 player)
Population
200
Speed
Normal
Resources
Standard
Victory
Conquest
Starting age
Dark Age
Ending age
Imperial Age
RankedLock teamsTeams togetherTeam positionsShared explorationLock speedFull tech treeHidden civsTurbo modeCheats
Victory
Defeat
🇺🇸 Bulgarians · United States
1000
+40
🇧🇷 Persians · Brazil
963
+15
🇲🇽 Ethiopians · Mexico
960
-15
🇲🇽 Spanish · Mexico
921
-13
K1NGlogman
9:51 Feudal Age
20:11 Castle Age
23:12 Wheelbarrow
22:35 Double-Bit Axe
23:36 Bow Saw
23:34 Loom
26:38 Hand Cart
26:39 Stone Mining
26:39 Gold Mining
26:45 Gold Mining
29:47 Light Cavalry
30:38 Bloodlines
30:29 Husbandry
30:22 Horse Collar
34:16 Scale Barding Armor
34:23 Forging
42:12 Gold Shaft Mining
52:26 Imperial Age
54:21 Cavalier
54:58 Hussar
59:56 Caravan
62:43 Coinage
66:23 Chain Barding Armor
66:45 Iron Casting
66:03 Fletching
moloneita
10:18 Feudal Age
14:33 Castle Age
12:57 Double-Bit Axe
13:02 Horse Collar
16:05 Bloodlines
19:22 Husbandry
21:53 Gold Mining
23:49 Scale Barding Armor
30:22 Imperial Age
28:39 Bow Saw
29:36 Wheelbarrow
28:47 Loom
30:20 Capped Ram
30:54 Cavalier
34:09 Forging
35:24 Chain Barding Armor
37:55 Heavy Scorpion
39:48 Savar
44:56 Plate Barding Armor
44:57 Iron Casting
46:46 Hand Cart
46:18 Town Watch
48:47 Blast Furnace
48:32 Light Cavalry
52:02 Chemistry
52:36 Two-Man Saw
51:38 Heavy Plow
55:12 Hussar
55:47 Fletching
55:57 Padded Archer Armor
56:46 Caravan
59:10 Kamandaran
59:06 Bodkin Arrow
60:30 Leather Archer Armor
59:58 Elite Skirmisher
60:44 Thumb Ring
60:00 Crossbowman
62:14 Ring Archer Armor
nord 00
9:11 Feudal Age
13:58 Castle Age
15:25 Fletching
15:54 Gold Mining
15:49 Double-Bit Axe
19:26 Bodkin Arrow
27:03 Crossbowman
29:22 Thumb Ring
32:34 Bow Saw
33:02 Gold Shaft Mining
33:07 Ballistics
35:55 Padded Archer Armor
36:45 Royal Heirs
39:53 Imperial Age
37:12 Loom
39:32 Wheelbarrow
38:43 Town Watch
40:48 Leather Archer Armor
40:37 Bracer
40:14 Arbalester
42:50 Chemistry
43:11 Hand Cart
42:57 Town Patrol
43:03 Stone Mining
43:49 Conscription
46:36 Siege Engineers
49:24 Elite Shotel Warrior
49:33 Halberdier
50:14 Squires
50:31 Leather Archer Armor
50:26 Forging
50:17 Scale Mail Armor
54:52 Ring Archer Armor
56:08 Iron Casting
55:33 Scale Mail Armor
60:43 Blast Furnace
60:05 Chain Mail Armor
64:28 Torsion Engines
Shals
10:11 Feudal Age
9:20 Loom
11:30 Horse Collar
12:06 Town Watch
19:26 Castle Age
19:44 Arson
20:12 Forging
21:08 Gambesons
24:31 Gold Mining
29:22 Iron Casting
28:38 Fletching
29:41 Inquisition
30:59 Herbal Medicine
31:33 Herbal Medicine
37:37 Imperial Age
41:18 Blast Furnace
40:18 Scale Mail Armor
40:07 Pikeman
43:30 Chemistry
Connection lost

Rejoining the realm…

Still unreachable

The connection could not be restored.

Session expired

The server has moved on; the page needs a fresh start.